 Dungeon Crawl Stone Soup version 0.31-a0-865-g3d5d91748a (webtiles) character file.

Game seed: 654659979866331046

104227 ipx the Severer (level 16, -4/87 HPs)
             Began as a Vine Stalker Fighter on Oct 10, 2023.
             Was the Champion of Makhleb.
             Slain by a nagaraja
             ... wielding the +9 scimitar "Ymuasigro" {heavy, *Noise rCorr Stlth+}
              (11 damage)
             ... on level 4 of the Snake Pit on Oct 11, 2023.
             The game lasted 02:31:15 (10206 turns).

ipx the Severer (Vine Stalker Fighter)             Turns: 10206, Time: 02:31:16

Health: -4/87      AC: 24    Str: 32    XL:     16   Next: 38%
Magic:  0/23       EV:  9    Int:  8    God:    Makhleb [******]
Gold:   292        SH:  9    Dex: 16    Spells: 14/15 levels left

rFire   + . .        O - +4 broad axe (elec)
rCold   . . .        U - +0 kite shield {reflect}
rNeg    . . .        E - +9 chain mail "Ekhlol" {Contam rElec rCorr Str+4}
rPois   +            (no helmet)
rElec   +            (no cloak)
rCorr   +            L - +1 pair of gloves {Str+3}
SInv    .            D - +1 pair of boots
Will    ++...        M - amulet of magic regeneration Stlth
                     p - ring of poison resistance
HPRegen 1.14/turn    f - ring of protection from fire
MPRegen 0.58/turn

%: reflection, guardian spirit
@: lethally poisoned (-4 -> -4), constricted
A: fangs 3, regeneration 1, magic shield, antimagic bite, no potion heal 2
a: Renounce Religion, Minor Destruction, Lesser Servant of Makhleb, Major
Destruction, Greater Servant of Makhleb


You were on level 4 of the Snake Pit.
You worshipped Makhleb.
Makhleb was exalted by your worship.
You visited 5 branches of the dungeon, and saw 26 of its levels.
You visited 1 bazaar.
You also visited: Sewer.

You collected 2375 gold pieces.
You spent 2083 gold pieces at shops.

Inventory:

Hand Weapons
 a - the +11 hand axe "Kyklelum" {drain, Fly Str+4}
   (You found it on level 7 of the Dungeon)

   Str+4:     It affects your strength (+4).
   Fly:       It grants you flight.
 b - a +0 vampiric broad axe
 N - a +0 war axe of flaming
 O - a +4 broad axe of electrocution (weapon)
Missiles
 w - a curare-tipped dart
Armour
 D - a +1 pair of boots (worn)
 E - the +9 chain mail "Ekhlol" (worn) {Contam rElec rCorr Str+4}
   (You found it on level 2 of the Lair of Beasts)

   Str+4:     It affects your strength (+4).
   rElec:     It insulates you from electricity.
   Contam:    It causes magical contamination when unequipped.
   rCorr:     It protects you from acid and corrosion.
 I - the +1 leather armour "Eskusib" {Slay+5}
   (You found it on level 1 of the Lair of Beasts)

   Slay+5:    It affects your accuracy & damage with ranged weapons and melee
   (+5).
 L - a +1 pair of gloves of strength (worn)
 U - a +0 kite shield of reflection (worn)
Jewellery
 f - a ring of protection from fire (right hand)
 l - a ring of flight
 m - a ring of willpower
 p - a ring of poison resistance (left hand)
 H - an amulet of faith
 M - an amulet of magic regeneration (around neck)
Wands
 u - a wand of charming (22)
 B - a wand of flame (2)
 P - a wand of digging (4)
 T - a wand of polymorph (8)
Scrolls
 e - 5 scrolls of revelation
 h - a scroll of amnesia
 k - 2 scrolls of torment
 n - 8 scrolls of teleportation
 o - 2 scrolls of poison
 v - 2 scrolls of fear
 y - 7 scrolls of fog
 A - 2 scrolls of vulnerability
 C - 2 scrolls of blinking
 Q - a scroll of immolation {unknown}
 S - a scroll of enchant weapon {unknown}
Potions
 d - 3 potions of might
 g - a potion of cancellation {unknown}
 i - 3 potions of curing
 j - 3 potions of mutation
 r - 2 potions of enlightenment
 t - a potion of magic
 x - 3 potions of haste
 z - 4 potions of brilliance
 G - a potion of lignification
 J - 3 potions of ambrosia
 K - a potion of resistance
 R - 2 potions of invisibility
Miscellaneous
 q - a condenser vane


   Skills:
 - Level 11.3 Fighting
 * Level 15.8(15.9) Axes
 - Level 2.1(10.5) Maces & Flails
 - Level 2.0 Throwing
 - Level 7.8 Armour
 - Level 7.0 Dodging
 + Level 4.0 Shields
 - Level 8.0 Translocations
 - Level 9.0 Invocations
 - Level 10.0 Evocations


You had 14 spell levels left.
You knew the following spells:

 Your Spells              Type           Power      Damage    Failure   Level
a - Apportation           Tloc           24%        N/A       10%         1

Your spell library contained the following spells:

 Spells                   Type           Power      Damage    Failure   Level
 Gell's Gravitas          Tloc           12%        N/A       28%         3
 Teleport Other           Tloc           12%        N/A       28%         3
 Magic Dart               Conj           0%         1d3       95%         1
 Necrotise                Necr           0%         1d4       95%         1
 Summon Small Mammal      Summ           0%         N/A       95%         1
 Call Imp                 Summ           0%         N/A       98%         2
 Static Discharge         Conj/Air       0%         2-2/arc   98%         2
 Sublimation of Blood     Necr           0%         N/A       98%         2
 Wereblood                Tmut           0%         N/A       98%         2
 Dimensional Bullseye     Hex/Tloc       3%         N/A       99%         4
 Call Canine Familiar     Summ           0%         N/A       100%        3
 Mephitic Cloud           Conj/Pois/Air  0%         N/A       100%        3
 Sigil of Binding         Hex            0%         N/A       100%        3
 Vampiric Draining        Necr           0%         2d6       100%        3
 Airstrike                Air            0%         2d(0-16)  100%        4
 Cause Fear               Hex            0%         N/A       100%        4
 Leda's Liquefaction      Hex/Erth       0%         N/A       100%        4
 Summon Ice Beast         Ice/Summ       0%         N/A       100%        4
 Summon Lightning Spire   Summ/Air       0%         N/A       100%        4
 Agony                    Necr           0%         N/A       100%        5
 Fireball                 Conj/Fire      0%         3d3       100%        5
 Irradiate                Conj/Tmut      0%         3d11      100%        5
 Summon Forest            Summ/Tloc      3%         N/A       100%        5
 Summon Mana Viper        Hex/Summ       0%         N/A       100%        5
 Dispersal                Tloc           6%         N/A       100%        6
 Summon Cactus Giant      Summ           0%         N/A       100%        6
 Monstrous Menagerie      Summ           0%         N/A       100%        7
 Summon Hydra             Summ           0%         N/A       100%        7
 Dragon's Call            Summ           0%         N/A       100%        9


Dungeon Overview and Level Annotations

Branches:
Dungeon (14/15)            Temple (1/1) D:4            Lair (5/5) D:8
  Swamp (0/4) Lair:3        Snake (4/4) Lair:3        Slime (0/5) Lair:5
    Orc (2/2) D:9             Elf (0/3) Orc:2        Vaults (0/5) D:14
  Sewer (visited)

Altars:
Ashenzari
Cheibriados
Dithmenos
Elyvilon
Fedhas
Gozag
Hepliaklqana
Kikubaaqudgha
Makhleb
Nemelex Xobeh
Qazlal
Ru
Trog
Uskayaw
Vehumet
Wu Jian
Xom
Yredelemnul
Zin
The Shining One

Shops:
D:8 *   Orc:1 :   Orc:2 (*=***[

Annotations:
D:4 3 runed translucent doors, wvc's ghost, amateur GrFE
D:11 1 runed translucent door, Syrassil's ghost, journeyman FoMo
D:13 exclusion: downstairs
D:14 Rupert
Lair:4 3 runed translucent doors, Mappomat's ghost, journeyman FeSh


Innate Abilities, Weirdness & Mutations

You have razor-sharp teeth.
Your natural rate of healing is unusually fast.
When hurt, damage is shared between your health and your magic reserves.
Your bite disrupts and absorbs the magic of your enemies.
Potions cannot restore your health.


Message History

The nagaraja is heavily wounded.
You feel sick.
The nagaraja hits you with the +9 scimitar "Ymuasigro" {heavy, *Noise rCorr Stlth+}!!
The nagaraja constricts you.
* * * LOW HITPOINT WARNING * * *
Okay, then.
Unknown command.
You feel the dreadful sensation subside.
You hear the crackle of electricity.
O - a +4 broad axe of electrocution (weapon)
You hit the nagaraja.
Lightning courses through the nagaraja!!
You bite the nagaraja, but do no damage.
The nagaraja is almost dead.
You feel sick. You block the nagaraja's attack. The nagaraja constricts you.
* * * LOW HITPOINT WARNING * * *
You completely miss the nagaraja. You bite the nagaraja.
The nagaraja's magic leaks into the air.
You drain its magic.
You feel invigorated.
The nagaraja is almost dead.
You feel sick.
The nagaraja hits you with the +9 scimitar "Ymuasigro" {heavy, *Noise rCorr Stlth+}!!
* * * LOW HITPOINT WARNING * * *
The nagaraja constricts you.
A naga sharpshooter comes into view. It is wielding a +0 glaive.
You barely miss the nagaraja.
You bite the nagaraja, but do no damage.
The nagaraja is almost dead.
You feel sick.
The nagaraja's magic is no longer disrupted.
The nagaraja spits poison at you. The splash of poison hits you. You resist.
* * * LOW HITPOINT WARNING * * *
The nagaraja constricts you.
* * * LOW HITPOINT WARNING * * *
You barely miss the nagaraja.
The nagaraja is almost dead.
You feel sick.
The nagaraja hits you with the +9 scimitar "Ymuasigro" {heavy, *Noise rCorr Stlth+}!
You die...

.......##.#......................
.)....##.........)...............
)...###..........................
#####......######.)...###*#######
............# ##.....## #....
...........####.....##******#....
..........## #.....##*,,,,,*##...
..........# ##....##,,,,,,,,,##..
..........# #...@##,,,,,,,,,,,##.
....!....)###..N##,,,,****,,,,,#.
...........#...##,,,,**,,***,,,#.
##########.#..N#,,,,**,,,,,*,,,##
.....# #..#...#,,,**,,,,,,**,,,#
.....## ##.#...#,,,**,,,,,,,*,,,#
......## ###...#,,,**,,,,,,,*,,,#
.......# #...#,,,,**,,,,,,*,,,#
.......##* ##.N#*,,,,***,,,,*,,,#


You could see a nagaraja (fast, catching breath) and a naga sharpshooter.

Vanquished Creatures
  2 nagarajas (Snake:4)
  An orc warlord (Orc:2)
  Fannar (Lair:2)
  5 hydras
  3 catoblepae (Lair:5)
  2 anacondas (Snake:3)
  A boulder beetle (D:11)
  A two-headed ogre (Orc:2)
  6 death yaks
  5 naga warriors
  2 orc high priests (Orc:2)
  5 shock serpents
  6 naga sharpshooters
  2 skysharks
  Amaemon (Lair:3)
  Lodul (D:13)
  A salamander mystic (Snake:3)
  A lindwurm (Lair:2)
  4 naga ritualists
  Pikel (D:4)
  3 orc knights (Orc:2)
  6 mana vipers
  7 orc sorcerers
  2 manticores (Lair:5)
  9 salamanders
  A deep elf pyromancer (D:12)
  4 cyclopes
  2 guardian serpents
  12 naga magi
  15 black mambas
  17 cane toads
  17 elephants
  3 rime drakes
  An orange demon (Lair:3)
  2 gargoyles
  11 komodo dragons
  A tyrant leech (Lair:3)
  4 trolls
  2 dream sheep (Lair:2)
  25 blink frogs
  2 hornets
  12 slime creatures (D:12)
  3 shadows
  69 yaks
  A vampire (D:12)
  4 wraiths
  5 wyverns
  2 vampire mosquitoes (D:12)
  5 basilisks
  4 wargs
  Menkaure (D:6)
  31 nagas
  A swamp worm (Lair:3)
  Duvessa (D:6)
  13 water moccasins
  2 acid dragons
  A sky beast (D:7)
  4 ice beasts
  A black bear (D:8)
  31 orc warriors
  7 centaurs
  12 ogres
  12 wolves
  A phantom (D:9)
  A lemure (D:4)
  3 kobold brigands
  11 bullfrogs
  3 scorpions
  2 wights (D:10)
  Dowan (D:6)
  3 troll zombies (D:9)
  19 killer bees
  An electric eel (Lair:2)
  A howler monkey (D:9)
  A hound (D:4)
  13 orc priests
  A gnoll bouda (D:8)
  A sleepcap (D:8)
  Ijyb (D:5)
  14 orc wizards
  3 ogre zombies (D:9)
  4 adders
  7 gnolls
  A white imp (D:5)
  2 ufetubi
  2 worms
  A dart slug (D:1)
  70 orcs
  5 ball pythons
  7 bats
  7 endoplasms
  4 giant cockroaches
  4 goblins
  3 hobgoblins
  7 jackals
  20 kobolds
  5 quokkas
  7 frilled lizards
  A goblin skeleton (D:9)
  2 goblin zombies (D:9)
  2 hobgoblin skeletons (D:9)
  A hobgoblin zombie (D:9)
  An orc skeleton (D:9)
  8 orc zombies (D:9)
  7 rats
677 creatures vanquished.

Vanquished Creatures (collateral kills)
  A nagaraja (Snake:4)
  An elephant (Lair:2)
  A komodo dragon (D:9)
  A tyrant leech (Lair:3)
  A slime creature (D:12)
  2 orc warriors
  An ogre (D:12)
  A wight (D:10)
  A killer bee (D:9)
  2 orc priests
  2 orcs
14 creatures vanquished.

Vanquished Creatures (others)
  An orc warrior (Orc:2)
  A killer bee (D:9)
  An orc wizard (Orc:1)
3 creatures vanquished.

Grand Total: 694 creatures vanquished

Notes
Turn   | Place    | Note
-------+----------+-------------------------------------------
     0 | D:1      | ipx the Vine Stalker Fighter began the quest for the Orb.
     0 | D:1      | Reached XP level 1. HP: 11/11 MP: 2/2
    26 | D:1      | Reached skill level 2 in Axes
    95 | D:1      | Reached XP level 2. HP: 16/16 MP: 3/3
   302 | D:2      | Reached skill level 1 in Throwing
   338 | D:2      | Reached XP level 3. HP: 19/19 MP: 4/4
   433 | D:2      | Reached skill level 3 in Axes
   467 | D:3      | Reached XP level 4. HP: 22/23 MP: 5/5
   527 | D:4      | Reached skill level 4 in Axes
   527 | D:4      | Reached XP level 5. HP: 27/27 MP: 6/6
   527 | D:4      | Noticed an orc warrior
   527 | D:4      | Noticed wvc's ghost (amateur GrFE)
   531 | D:4      | Found a sparkling altar of Nemelex Xobeh.
   575 | D:4      | Found a staircase to the Ecumenical Temple.
   606 | Temple   | Entered the Ecumenical Temple
   625 | Temple   | Became a worshipper of Makhleb the Destroyer
   677 | D:4      | Found a runed translucent gate.
   681 | D:4      | Found a runed translucent gate.
   681 | D:4      | Found a runed translucent gate.
   712 | D:5      | Entered Level 5 of the Dungeon
   753 | D:4      | Noticed an ogre
   774 | D:4      | Killed an ogre
   775 | D:4      | Reached skill level 5 in Axes
   775 | D:4      | Reached skill level 1 in Evocations
   775 | D:4      | Reached XP level 6. HP: 32/32 MP: 7/7
   950 | D:3      | Reached * piety under Makhleb
  1025 | D:4      | Noticed an ice beast
  1036 | D:4      | Killed an ice beast
  1071 | D:4      | Reached XP level 7. HP: 35/36 MP: 6/8
  1085 | D:5      | Found a snail-covered altar of Cheibriados.
  1090 | D:4      | Noticed Pikel
  1098 | D:4      | Killed Pikel
  1099 | D:4      | Gained mutation: You have razor-sharp teeth. [Vine Stalker
                  | growth]
  1099 | D:4      | Reached XP level 8. HP: 39/42 MP: 7/11
  1178 | D:5      | Reached skill level 1 in Maces & Flails
  1242 | D:5      | Noticed Ijyb
  1245 | D:5      | Killed Ijyb
  1297 | D:6      | Noticed Menkaure
  1306 | D:6      | Killed Menkaure
  1400 | D:6      | Found a glowing drain.
  1411 | Sewer    | Entered a sewer
  1643 | D:7      | Reached skill level 6 in Axes
  1683 | D:6      | Noticed Duvessa
  1683 | D:6      | Noticed Dowan
  1688 | D:6      | Killed Duvessa
  1693 | D:6      | Killed Dowan
  1730 | D:7      | Reached ** piety under Makhleb
  1731 | D:7      | Reached XP level 9. HP: 28/46 MP: 7/13
  1766 | D:8      | Noticed a hornet
  1774 | D:8      | Killed a hornet
  1775 | D:8      | Reached skill level 7 in Axes
  1775 | D:8      | Reached skill level 5 in Invocations
  1972 | D:8      | Found a broken altar of Ashenzari.
  2048 | D:8      | Reached skill level 8 in Axes
  2116 | D:8      | Found Odiahoe's Lightly-Used Armoury.
  2146 | D:8      | Reached skill level 9 in Axes
  2146 | D:8      | Reached XP level 10. HP: 46/51 MP: 12/15
  2207 | D:10     | Entered Level 10 of the Dungeon
  2294 | D:9      | Reached *** piety under Makhleb
  2308 | D:9      | Found a staircase to the Orcish Mines.
  2414 | D:9      | Found a shimmering altar of Xom.
  2508 | D:9      | Reached skill level 10 in Axes
  3031 | D:11     | Identified the +0 sling of Laceration {heavy, rC+ rN+}
  3197 | D:10     | Reached **** piety under Makhleb
  3259 | D:10     | Reached XP level 11. HP: 37/54 MP: 18/18
  3291 | D:10     | Paralysed by a hornet for 3 turns
  3297 | D:10     | Reached skill level 5 in Fighting
  3297 | D:10     | Reached skill level 5 in Armour
  3715 | D:11     | Noticed a cyclops
  3725 | D:11     | Killed a cyclops
  3739 | D:11     | Found a runed translucent door.
  3742 | D:11     | Noticed a spriggan rider
  3742 | D:11     | Noticed Syrassil's ghost (journeyman FoMo)
  3747 | D:11     | Identified the +4 trident of Tortfeasance {heavy, Str+3}
  4005 | D:11     | Noticed a boulder beetle
  4052 | D:11     | Killed a boulder beetle
  4088 | D:12     | Noticed a deep elf pyromancer
  4090 | D:12     | Killed a deep elf pyromancer
  4271 | D:12     | Reached skill level 1 in Dodging
  4282 | D:12     | Noticed a cyclops
  4308 | D:12     | Killed a cyclops
  4309 | D:12     | Reached XP level 12. HP: 34/63 MP: 19/19
  4454 | D:12     | Reached skill level 11 in Axes
  4536 | D:12     | Noticed a boulder beetle
  4600 | D:13     | Noticed Lodul
  4606 | D:13     | Reached ***** piety under Makhleb
  4608 | D:13     | Killed Lodul
  4660 | D:14     | Noticed Rupert
  4660 | D:14     | Noticed a centaur warrior
  4660 | D:14     | Noticed a tengu warrior
  4660 | D:14     | Noticed a tengu warrior
  4660 | D:14     | Found a gate to the Vaults.
  5085 | D:7      | Identified the +11 hand axe "Kyklelum" {drain, Fly Str+4}
  5141 | D:8      | Found a staircase to the Lair.
  5170 | Lair:1   | Entered Level 1 of the Lair of Beasts
  5194 | Lair:1   | Reached skill level 12 in Axes
  5310 | Lair:2   | Noticed Fannar
  5318 | Lair:2   | Killed Fannar
  5355 | Lair:2   | Reached skill level 5 in Dodging
  5390 | Lair:2   | Noticed a five-headed hydra
  5390 | Lair:2   | Noticed a death yak
  5402 | Lair:2   | Reached XP level 13. HP: 62/67 MP: 20/20
  5409 | Lair:2   | Reached skill level 13 in Axes
  5649 | Lair:2   | Identified the +9 chain mail "Ekhlol" {Contam rElec rCorr
                  | Str+4}
  5891 | Lair:3   | Reached skill level 5 in Evocations
  5942 | Lair:3   | Noticed Amaemon
  5997 | Lair:3   | Found a staircase to the Snake Pit.
  6139 | Lair:3   | Killed Amaemon
  6159 | Lair:3   | Found a staircase to the Swamp.
  6350 | Lair:5   | Entered Level 5 of the Lair of Beasts
  6366 | Lair:4   | Found a runed translucent gate.
  6366 | Lair:4   | Found a runed translucent gate.
  6369 | Lair:4   | Found a runed translucent gate.
  6371 | Lair:4   | Noticed Mappomat's ghost (journeyman FeSh)
  6489 | Lair:5   | Reached XP level 14. HP: 74/74 MP: 21/21
  6712 | Lair:5   | Reached ****** piety under Makhleb
  6731 | Lair:5   | Reached skill level 10 in Fighting
  6901 | Lair:5   | Identified the +4 orcbow "Huazecank" {drain, rC+ Str+4
                  | SInv}
  7070 | Lair:5   | Found a staircase to the Slime Pits.
  7573 | Lair:1   | Identified the +1 leather armour "Eskusib" {Slay+5}
  7678 | Orc:1    | Entered Level 1 of the Orcish Mines
  7703 | Orc:1    | Reached XP level 15. HP: 83/83 MP: 22/22
  7753 | Orc:1    | Learned a level 1 spell: Apportation
  7804 | Orc:2    | Entered Level 2 of the Orcish Mines
  7804 | Orc:2    | Found a staircase to the Elven Halls.
  7814 | Orc:2    | Reached skill level 1 in Translocations
  7857 | Orc:2    | Found Pihud's Antique Armour Shoppe.
  7875 | Orc:1    | Found Asous's Book Shop.
  7994 | Orc:2    | Noticed an orc warlord
  7995 | Orc:2    | Found Yroeb's Jewellery Shop.
  8006 | Orc:2    | Found Evuewk's Assorted Antiques.
  8041 | Orc:2    | Found Cimp's General Store.
  8086 | Orc:2    | Found a gateway to a bazaar.
  8096 | Bazaar   | Entered a bazaar
  8098 | Bazaar   | Found Pafyw's Assorted Antiques.
  8106 | Bazaar   | Bought a scroll of identify for 60 gold pieces
  8106 | Bazaar   | Bought a scroll of teleportation for 90 gold pieces
  8106 | Bazaar   | Bought a scroll of teleportation for 90 gold pieces
  8106 | Bazaar   | Bought a fizzy grey potion for 27 gold pieces
  8106 | Bazaar   | Bought a scroll of identify for 60 gold pieces
  8106 | Bazaar   | Bought a scroll of identify for 60 gold pieces
  8109 | Bazaar   | Found Culug's Weapon Emporium.
  8131 | Bazaar   | Found Jiompov's General Store.
  8139 | Bazaar   | Bought a ring of poison resistance for 260 gold pieces
  8139 | Bazaar   | Bought a potion of resistance for 130 gold pieces
  8139 | Bazaar   | Bought a potion of haste for 130 gold pieces
  8140 | Bazaar   | Found Cauv's Weapon Emporium.
  8145 | Bazaar   | Found Yrocvisuo's Armour Shoppe.
  8154 | Bazaar   | Bought a +0 pair of gloves of strength for 103 gold pieces
  8184 | Bazaar   | Bought a +0 vampiric broad axe for 126 gold pieces
  8184 | Bazaar   | Bought a +4 broad axe of electrocution for 288 gold pieces
  8246 | Orc:2    | Found Kiogadudue's Antique Weapon Shoppe.
  8250 | Orc:2    | Noticed an Executioner
  8340 | Orc:2    | Killed an orc warlord
  8364 | Orc:2    | Bought a potion of degeneration for 18 gold pieces
  8379 | Orc:2    | Bought a ring of protection from fire for 250 gold pieces
  8379 | Orc:2    | Bought a ring of willpower for 250 gold pieces
  8402 | Orc:2    | Found Pueshosch's General Store.
  8409 | Orc:2    | Found Cufuhim's General Store.
  8417 | Orc:2    | Bought a scroll of identify for 22 gold pieces
  8442 | Orc:2    | Found a runed translucent door.
  8619 | Orc:2    | Reached skill level 5 in Translocations
  8640 | Orc:2    | Bought a fuming sapphire potion for 31 gold pieces
  8669 | Orc:2    | Bought a potion of might for 44 gold pieces
  8669 | Orc:2    | Bought a potion of might for 44 gold pieces
  8998 | Snake:1  | Entered Level 1 of the Snake Pit
  9093 | Snake:1  | Reached skill level 14 in Axes
  9305 | Snake:3  | Reached skill level 10 in Evocations
  9501 | Snake:4  | Entered Level 4 of the Snake Pit
  9807 | Snake:4  | Reached skill level 15 in Axes
  9849 | Snake:3  | Reached XP level 16. HP: 72/87 MP: 21/23
 10076 | Snake:4  | Noticed a nagaraja
 10090 | Snake:4  | Killed a nagaraja
 10103 | Snake:4  | Noticed a nagaraja
 10103 | Snake:4  | Noticed a nagaraja
 10129 | Snake:4  | Killed a nagaraja
 10136 | Snake:4  | Killed a nagaraja
 10185 | Snake:4  | Identified the +9 scimitar "Ymuasigro" {heavy, *Noise rCorr
                  | Stlth+}
 10185 | Snake:4  | Noticed a nagaraja
 10206 | Snake:4  | Slain by a nagaraja

Illustrated notes

Levels and vault maps discovered:
D:1:      tarquinn_simple_flora_water_a, layout_basic,
          shapermc_ecumenical_altar_totnotflames, st_stairs_10
D:2:      layout_basic, minmay_cupped
D:3:      layout_rooms, lemuel_blue_sif_altar
D:4:      layout_basic, nemelex_xobeh_ov_fountains_minmay, temple_pool_b,
          gammafunk_ghost_split, uniq_pikel
D:5:      layout_loops_ring, okawaru_trees_1, cheibriados_altar_1, uniq_ijyb,
          uniq_sigmund
D:6:      layout_loops_ring, gup_sewer_entry_bubbles, serial_shops, shop,
          kennysheep_boxes, uniq_menkaure, uniq_prince_ribbit1, uniq_duvessa
D:7:      layout_gridville
D:8:      layout_loops_ring, cheibrodos_ashenzari_chains, david_lair_generic,
          minmay_shop_damaged
D:9:      nicolae_whirlpool, layout_basic, xom_butterflies, zombieorc1_lemuel
D:10:     layout_long_grid
D:11:     layout_roguey, serial_shops, nicolae_shop_back_alley_shop,
          ebering_ghost_funeral_grove, minmay_misc_feat_nine_boxes,
          minmay_misc_feat_iff
D:12:     layout_basic, special_room [special_room_orc],
          kennysheep_generic_room_12
D:13:     layout_loops_ring, dancing_weapons_uskayaw, uniq_lodul
D:14:     layout_stronghold, david_vaults_3, serial_bayou_lagoon_a,
          nicolae_danse_macabre
Temple:   nicolae_temple_slightly_damp_pantheon
Lair:1:   lemuel_ratsnest, layout_cave_pods, grunt_forest_stairs_basic,
          lemuel_old_faithful
Lair:2:   nzn_winding_woodlands_large [nzn_winding_woodlands_5x5_cross,
          nzn_winding_woodlands_5x15_lazy_stream,
          nzn_winding_woodlands_5x5_checkerboard,
          nzn_winding_woodlands_center_garden,
          nzn_winding_woodlands_15x15_killbox,
          nzn_winding_woodlands_center_triple_pond,
          nzn_winding_woodlands_5x5_open_star, nzn_winding_woodlands_5x15_cabin,
          nzn_winding_woodlands_5x5_three], layout_chaotic_city,
          lemuel_fruit_fields, uniq_fannar
Lair:3:   layout_small_grid, minmay_swamp_entry_worms,
          guppyfry_snake_entry_garden, hellmonk_guarded_unrand_zhor,
          uniq_amaemon
Lair:4:   layout_cave_pods, ebering_ghost_rock_garden, portal_ice_cave_rime,
          columned_hall_lemuel, chequers_serial_rivers_room_b
Lair:5:   evilmike_catoblepas_cave, layout_loops_ring, slime_entry_1,
          infiniplex_staircase_pool, grunt_megastairs_1
Snake:1:  layout_chambers, nicolae_snake_linked_coils,
          nrook_guardian_serpent_double, uniq_mlioglotl
Snake:2:  layout_layer_cave, special_room, nicolae_triple_integral
Snake:3:  layout_grid_shapes, grunt_megastairs_2, uniq_vashnia
Snake:4:  grunt_snake_rune_spirals, layout_onion, nicolae_large_snake_swirl
Orc:1:    layout_caves, serial_shops, nicolae_shop_stone
Orc:2:    grunt_orc_gardens, layout_caves, grunt_orc_garden, grunt_orc_garden,
          grunt_orc_garden, grunt_orc_garden, serial_shops, bzr_entry_islet,
          shop, nicolae_shop_window_shopping, shop, basic_altar,
          lightli_church_of_beogh

Skill      XL: |  1  2  3  4  5  6  7  8  9 10 11 12 13 14 15 16 |
---------------+-------------------------------------------------+-----
Axes           | 2 3 4 5 6 9 10 12 13 15 | 15.8
Throwing       | 1 2 |  2.0
Evocations     | 1 2 3 4 6 9 10 | 10.0
Fighting       | 3 4 7 8 11 | 11.3
Invocations    | 2 4 6 8 9 |  9.0
Maces & Flails | 2 |  2.1
Armour         | 4 7 |  7.8
Dodging        | 1 5 6 7 |  7.0
Translocations | 7 8 |  8.0
Shields        | 4 |  4.0

Action                     |  1- 3 |  4- 6 |  7- 9 | 10-12 | 13-15 | 16-18 || total
---------------------------+-------+-------+-------+-------+-------+-------++-------
  Melee: War axe           |    77 |    61 |   159 |   289 |    18 |       ||   604
         Bite              |    11 |    17 |    49 |   239 |   352 |    50 ||   718
         Dagger            |       |    21 |     6 |       |       |       ||    27
         Whip              |       |       |    22 |   217 |       |       ||   239
         Flail             |       |       |       |    17 |       |       ||    17
         Hand axe          |       |       |       |   102 |   886 |    87 ||  1075
         Broad axe         |       |       |       |       |     7 |    29 ||    36
  Throw: Dart              |       |    21 |     5 |    11 |     8 |       ||    45
   Cast: Apportation       |       |       |       |       |     9 |     2 ||    11
 Invoke: Minor Destruction |       |       |    11 |    23 |     8 |       ||    42
         Major Destruction |       |       |       |    18 |     2 |       ||    20
         Lesser Servant of |       |       |       |     3 |     3 |     1 ||     7
         Greater Servant o |       |       |       |       |     1 |       ||     1
  Evoke: Wand              |       |     2 |    17 |     3 |    19 |     1 ||    42
         Condenser vane    |       |       |       |       |     1 |       ||     1
    Use: Scroll            |       |     5 |     3 |     7 |    12 |     1 ||    28
         Potion            |       |       |     2 |     3 |     2 |       ||     7
 Armour: Scale mail        |    78 |    53 |   151 |       |       |       ||   282
         Plate armour      |       |       |       |   539 |    40 |       ||   579
         Chain mail        |       |       |       |       |   538 |    90 ||   628
  Dodge: Dodged            |    41 |    34 |    74 |   177 |   345 |    48 ||   719
  Block: Buckler           |    22 |    16 |    31 |   118 |   154 |     5 ||   346
         Kite shield       |       |       |       |       |       |    38 ||    38
         Reflection        |       |       |       |       |       |     9 ||     9

Table legend: (Time is in decaauts)
 A = Elapsed time spent in this place.
 B = Non-inter-level travel time spent in this place.
 C = Inter-level travel time spent in this place.
 D = Time resting spent in this place.
 E = Time spent auto-exploring this place.
 F = Levels seen in this place.
 G = Mean time per level.
                   A        B        C        D        E       F      G
               +--------+--------+--------+--------+--------+-----+--------+
         Total |   9924 |   9255 |    669 |      0 |      0 |  28 |  354.4 |
       Dungeon |   5243 |   4939 |    304 |      0 |      0 |  14 |  374.5 |
        Temple |     38 |      2 |     36 |      0 |      0 |   1 |   38.0 |
          Lair |   2312 |   2123 |    189 |      0 |      0 |   5 |  462.4 |
     Snake Pit |   1100 |   1100 |      0 |      0 |      0 |   4 |  275.0 |
  Orcish Mines |    974 |    835 |    139 |      0 |      0 |   2 |  487.0 |
        Bazaar |    124 |    124 |      0 |      0 |      0 |   1 |  124.0 |
         Sewer |    130 |    130 |      0 |      0 |      0 |   1 |  130.0 |
               +--------+--------+--------+--------+--------+-----+--------+

Top non-repeatable levels by time:
     D:9: 766 daAuts
     D:8: 681 daAuts
    D:10: 680 daAuts
   Orc:2: 618 daAuts
  Lair:2: 615 daAuts
  Lair:5: 606 daAuts
 Snake:4: 584 daAuts
    D:12: 554 daAuts
  Lair:3: 489 daAuts
    D:11: 442 daAuts
     D:4: 421 daAuts
   Orc:1: 356 daAuts
     D:7: 331 daAuts
  Lair:1: 320 daAuts
 Snake:3: 304 daAuts
